 Dungeon Crawl Stone Soup version 0.23-a0-356-g1757c6e (webtiles) character file.

50 HoaS the Ruffian (level 3, 0/29 HPs)
             Began as a Draconian Transmuter on Oct 21, 2018.
             Succumbed to an orc wizard's poison
             ... on level 2 of the Dungeon.
             The game lasted 00:07:47 (1198 turns).

HoaS the Ruffian (Draconian Transmuter)             Turns: 1198, Time: 00:07:47

Health: 0/29       AC:  6    Str: 12    XL:     3   Next: 55%
Magic:  6/6        EV: 12    Int: 14    God:
Gold:   38         SH:  0    Dex: 11    Spells: 0/6 levels left

rFire    . . .     SeeInvis .     - Unarmed
rCold    . . .     Gourm    .   (no shield)
rNeg     . . .     Faith    .   (armour unavailable)
rPois    .         Spirit   .   (helmet restricted)
rElec    .         Reflect  .   (no cloak)
rCorr    .         Harm     .   g - +0 pair of gloves
MR       .....                  (no boots)
Stlth    +.........             (no amulet)
HPRegen  0.09/turn              (no ring)
MPRegen  0.10/turn              (no ring)

@: lethally poisoned (0 -> -6)
A: unfitting armour, cold-blooded, AC +5
a: no special abilities


You were on level 2 of the Dungeon.
You were not hungry.

You visited 1 branch of the dungeon, and saw 2 of its levels.

You collected 38 gold pieces.

Inventory:

Missiles
 a - 44 arrows
 e - 67 stones (quivered)
Armour
 g - a +0 pair of gloves (worn)
Scrolls
 b - 2 scrolls of fog
 d - a scroll of remove curse
Potions
 f - 3 potions of curing
 j - a potion of degeneration {unknown}
Comestibles
 c - 2 rations
 h - 8 chunks of flesh


   Skills:
 + Level 1.8 Fighting
 + Level 2.2 Dodging
 + Level 3.3 Unarmed Combat
 + Level 2.4 Spellcasting
 + Level 2.4 Transmutations
 + Level 0.3 Poison Magic


You couldn't memorise any spells.
You knew the following spells:

 Your Spells              Type           Power        Failure   Level  Hunger
a - Beastly Appendage     Tmut           #.....       9%          1    #......
b - Spider Form           Tmut/Pois      #.........   36%         3    ###....
c - Sticks to Snakes      Tmut           #.......     13%         2    ###....

Your spell library contained the following spells:

 Spells                   Type           Power        Failure   Level  Hunger
 Ice Form                 Ice/Tmut       #.......     80%         4    #####..
 Blade Hands              Tmut           #.........   93%         5    ######.


Dungeon Overview and Level Annotations

Branches:
Dungeon (2/15)

Altars:


Innate Abilities, Weirdness & Mutations

Your plain brown scales are hard. (AC +5)
You cannot fit into any form of body armour.
You are cold-blooded and may be slowed by cold attacks.


Message History

* * * LOW HITPOINT WARNING * * *
You feel sick.
You barely miss the jackal.
* * * LOW HITPOINT WARNING * * *
You feel sick.
The jackal bites you but does no damage.
The jackal misses you.
You hit the jackal.
You tail-slap the jackal, but do no damage.
The jackal is severely wounded.
The jackal closely misses you.
The orc wizard gestures wildly while chanting.
The orc wizard blinks!
You closely miss the jackal. You tail-slap the jackal.
You kill the jackal!
* * * LOW HITPOINT WARNING * * *
You feel sick.
You barely miss the orc. The orc closely misses you.
You hit the orc but do no damage. Your punch misses the orc.
You die...

...####..§§§#§.##.......#
##.##....§§§§§###.......#
....)....§§§### ###.#####
....###.#..§# #.# ..#.#
#......# #.# ..#.#
###....# ###.# ....#
###..# ##...# ..#.. #
##.# #..### ..#..
...#.###@## ....##
.......#o# .. .. #..§oh#
##.##.# .. .[# ..# ... #.
#.... . #.##.. #. ..#


You could see an orc priest, an orc and a jackal.

Vanquished Creatures
  An adder (D:2)
  A dart slug (D:1)
  An orc (D:2)
  A ball python (D:2)
  3 giant cockroaches
  2 goblins
  10 hobgoblins
  A jackal (D:2)
  4 kobolds
  A quokka (D:2)
  3 bats (D:1)
  3 frilled lizards
  4 rats
35 creatures vanquished.

Notes
Turn   | Place    | Note
-------+----------+-------------------------------------------
     0 | D:1      | HoaS the Draconian Transmuter began the quest for the Orb.
     0 | D:1      | Reached XP level 1. HP: 16/16 MP: 3/3
   258 | D:1      | Reached XP level 2. HP: 23/23 MP: 5/5
   960 | D:2      | Reached XP level 3. HP: 26/29 MP: 4/6
   971 | D:2      | Learned a level 3 spell: Spider Form
   974 | D:2      | Learned a level 2 spell: Sticks to Snakes
  1196 | D:2      | HP: 1/29 [poisoned by an orc wizard]
  1198 | D:2      | Succumbed to an orc wizard's poison

Vault maps used:
D:1:      minmay_arrival_four_loops, serial_forest, infiniplex_forest_corner_1,
          infiniplex_forest_straight_2, infiniplex_forest_lined_1,
          infiniplex_forest_clump_cross, infiniplex_forest_straight_2,
          infiniplex_forest_end_double, infiniplex_forest_clump_small,
          infiniplex_forest_end_double

Skill      XL: |  1  2 |
---------------+-------+-----
Dodging        | 2 |  2.2
Fighting       | |  1.8
Unarmed Combat | |  3.3
Spellcasting   | |  2.4
Transmutations | |  2.4
Poison Magic   | |  0.3

Action                   || total
-------------------------++-------
Melee: Unarmed           ||   150
       Tailslap          ||    17
       Headbutt          ||     3
       Punch             ||     1
 Cast: Beastly Appendage ||     3
  Use: Scroll            ||     4
 Stab: Sleeping          ||     1
  Eat: Chunk             ||     1
Armor: Skin              ||    30
Dodge: Dodged            ||    88

Table legend:
 A = Non-vault XP
 B = Vault XP
 C = Vault XP percentage of total XP
 D = Non-vault monster count
 E = Vault monster count
 F = Vault count percentage of total count
                 A         B        C        D         E       F
            +---------+---------+-------+---------+---------+-------
      Total |      72 |       0 |   0.0 |      35 |       0 |   0.0
            +---------+---------+-------+---------+---------+-------
        D:1 |      29 |       0 |   0.0 |      17 |       0 |   0.0
        D:2 |      43 |       0 |   0.0 |      18 |       0 |   0.0
            +---------+---------+-------+---------+---------+-------
